 Dungeon Crawl Stone Soup version 0.29-a0-284-gf9362112df (webtiles) character file.

Game seed: 16174280316114591094

68 YayAnonymity the Ruffian (level 4, 0/41 HPs)
             Began as a Troll Transmuter on Mar 20, 2022.
             Slain by a hobgoblin (3 damage)
             ... on level 1 of the Dungeon.
             The game lasted 00:02:41 (734 turns).

YayAnonymity the Ruffian (Troll Transmuter)          Turns: 734, Time: 00:02:41

Health: 0/41       AC:  4    Str: 18    XL:     4   Next: 1%
Magic:  4/5        EV: 10    Int: 11    God:
Gold:   77         SH:  0    Dex: 10    Spells: 5/6 levels left

rFire   . . .      SeeInvis .     - Unarmed
rCold   . . .      Faith    .   (no shield)
rNeg    . . .      Spirit   .   a - +0 robe
rPois   .          Reflect  .   (helmet restricted)
rElec   .          Harm     .   (no cloak)
rCorr   .          Rampage  .   (gloves unavailable)
Will    .....                   (boots unavailable)
Stlth   +.........              (no amulet)
HPRegen 0.93/turn               (no ring)
MPRegen 0.09/turn               (no ring)

@: no status effects
A: large, unfitting armour, claws 3, regeneration 1, shaggy fur 1, tough skin 1
a: no special abilities


You were on level 1 of the Dungeon.
You visited 1 branch of the dungeon, and saw 2 of its levels.

You collected 77 gold pieces.

Inventory:

Armour
 a - a +0 robe (worn)
Scrolls
 c - a scroll of holy word {unknown}
 d - a scroll of immolation {unknown}
 g - a scroll of teleportation {unknown}
Potions
 b - a potion of lignification
 e - 2 potions of heal wounds {unknown}
 f - a potion of berserk rage {unknown}


   Skills:
 + Level 1.4 Fighting
 + Level 2.1 Dodging
 + Level 3.4 Unarmed Combat
 + Level 1.6 Spellcasting
 + Level 1.9 Transmutations


You had 5 spell levels left.
You knew the following spells:

 Your Spells              Type           Power      Damage    Failure   Level
a - Beastly Appendage     Tmut           10%        N/A       14%         1

Your spell library contained the following spells:

 Spells                   Type           Power      Damage    Failure   Level
 Wereblood                Tmut           5%         N/A       21%         2
 Spider Form              Tmut/Pois      3%         N/A       52%         3
 Ice Form                 Ice/Tmut       3%         N/A       90%         4


Dungeon Overview and Level Annotations

Branches:
Dungeon (2/15)

Altars:

Shops:
D:1 *

Annotations:
D:2 Robin


Innate Abilities, Weirdness & Mutations

You are too large for most types of armour.
You have claws for hands.
Your natural rate of healing is unusually fast.
You are covered in fur. (AC +1)
You have tough skin. (AC +1)


Message History

You closely miss the goblin. The hobgoblin closely misses you.
Robin says, "A pitiful Troll like you will never find the ORB!"
Robin roars a battlecry!
The goblin goes into a battle-frenzy!
The goblin hits you but does no damage. The goblin hits you with a +0 club.
The goblin hits you but does no damage. The hobgoblin barely misses you.
The goblin barely misses you. The hobgoblin closely misses you.
The goblin closely misses you.
You climb upwards.
There is a stone staircase leading down here.
You claw the goblin!
You kill the goblin!
The goblin hits you with a +0 dagger. The hobgoblin closely misses you.
The hobgoblin barely misses you.
You closely miss the goblin. You claw the goblin.
The goblin is moderately wounded.
The goblin barely misses you. The hobgoblin closely misses you.
The hobgoblin hits you. The goblin hits you with a +0 dagger.
You claw the goblin!
You kill the goblin!
The goblin hits you with a +0 dagger. The hobgoblin hits you. x2
* * * LOW HITPOINT WARNING * * *
You have reached level 4!
You scratch the goblin.
The goblin is severely wounded.
The goblin hits you but does no damage. The hobgoblin hits you.
* * * LOW HITPOINT WARNING * * *
The hobgoblin hits you but does no damage.
You closely miss the goblin.
The goblin is severely wounded.
The goblin closely misses you. The hobgoblin hits you.
* * * LOW HITPOINT WARNING * * *
The hobgoblin hits you.
* * * LOW HITPOINT WARNING * * *
You barely miss the goblin.
The goblin is severely wounded.
Your horns disappear.
Your talons disappear.
The goblin barely misses you. The hobgoblin closely misses you.
The hobgoblin hits you.
You die...

########### #.........#
#.#######.### #.#.........# ####
##### #.#.#####.#'###
...#######...# ##.#.....#.....#
...##...##...## #[.....#.#.....##
..............###g.......#.......
....†....(....##@g....##........#
....)##...)...##)g....(##.......#
.....##..............###.........
......#................###.......
##....#.........>...####.........
......#................####..#...
......#..............###....##...
......###..............###..##...
......###.............##....##...


You could see 2 hobgoblins and a goblin.

Vanquished Creatures
  Natasha (D:2)
  A dart slug (D:1)
  3 ball pythons (D:1)
  3 endoplasms (D:1)
  8 giant cockroaches (D:1)
  4 goblins (D:1)
  7 hobgoblins (D:1)
  2 bats (D:1)
  A frilled lizard (D:1)
  4 kobolds (D:1)
  3 rats (D:1)
37 creatures vanquished.

Notes
Turn   | Place    | Note
-------+----------+-------------------------------------------
     0 | D:1      | YayAnonymity the Troll Transmuter began the quest for the
                  | Orb.
     0 | D:1      | Reached XP level 1. HP: 18/18 MP: 1/1
    38 | D:1      | Found a faded altar of an unknown god.
    59 | D:1      | Found Toleawn's General Store.
    61 | D:1      | Reached skill level 1 in Fighting
    95 | D:1      | Reached XP level 2. HP: 25/27 MP: 0/3
   276 | D:1      | Reached XP level 3. HP: 26/33 MP: 4/4
   694 | D:2      | Noticed Natasha
   697 | D:2      | Killed Natasha
   715 | D:2      | Noticed Robin
   732 | D:1      | Reached XP level 4. HP: 10/41 MP: 3/5
   733 | D:1      | HP: 2/41 [hobgoblin (4)]
   734 | D:1      | Slain by a hobgoblin

Illustrated notes

Levels and vault maps discovered:
D:1:      grunt_arrival_lava_bath, layout_basic, serial_shops,
          nicolae_shop_waterfront, hellmonk_ecumenical_altar_leap_of_faith,
          minmay_worlds_worst_comb
D:2:      layout_rooms, basic_altar, fountainhead, uniq_natasha, uniq_robin

Skill      XL: |  1  2  3 |
---------------+----------+-----
Fighting       | 1 |  1.4
Dodging        | 2 |  2.1
Unarmed Combat | |  3.4
Spellcasting   | |  1.6
Transmutations | |  1.9

Action                   |  1- 3 |  4- 6 || total
-------------------------+-------+-------++-------
Melee: Unarmed           |    79 |     3 ||    82
       Punch             |     5 |       ||     5
       Headbutt          |     3 |       ||     3
       Kick              |     2 |       ||     2
 Cast: Beastly Appendage |     3 |       ||     3
Armor: Robe              |    24 |     2 ||    26
Dodge: Dodged            |    53 |     3 ||    56

Table legend: (Time is in decaauts)
 A = Elapsed time spent in this place.
 B = Non-inter-level travel time spent in this place.
 C = Inter-level travel time spent in this place.
 D = Time resting spent in this place.
 E = Time spent auto-exploring this place.
 F = Levels seen in this place.
 G = Mean time per level.
                   A        B        C        D        E       F      G
               +--------+--------+--------+--------+--------+-----+--------+
         Total |    730 |    694 |     36 |      0 |    513 |   2 |  365.0 |
       Dungeon |    730 |    694 |     36 |      0 |    513 |   2 |  365.0 |
               +--------+--------+--------+--------+--------+-----+--------+

Top non-repeatable levels by time:
     D:1: 696 daAuts
     D:2: 33 daAuts
